AoeStats
← Azadrum

Arena

509165436Analyzed
1v1 RM · 6d ago on Sep 25, 2026· 44m 14s· 2 players
Game mode
Random Map
Map size
Tiny (2 player)
Population
200
Speed
Normal
Resources
Standard
Victory
Conquest
Starting age
Dark Age
Ending age
Imperial Age
RankedLock teamsTeams togetherTeam positionsShared explorationLock speedFull tech treeHidden civsTurbo modeCheats
Victory
Defeat
🇹🇷 Magyars · Türkiye
890
+15
🇺🇸 Tupi · United States
870
-15
Orion The Destroyer
11:31 Feudal Age
16:13 Castle Age
16:07 Double-Bit Axe
16:56 Horse Collar
19:40 Gold Mining
20:03 Stone Mining
21:21 Bow Saw
22:41 Gold Shaft Mining
24:59 Heavy Plow
26:32 Padded Archer Armor
28:21 Fletching
29:15 Bodkin Arrow
30:15 Ballistics
32:36 Imperial Age
31:25 Leather Archer Armor
32:38 Heated Shot
34:18 Ring Archer Armor
33:51 Pikeman
34:41 Bracer
34:44 Squires
36:11 Wheelbarrow
35:02 Halberdier
35:55 Scale Mail Armor
36:38 Forging
37:39 Chain Mail Armor
45:26 Two-Man Saw
Azadrum
9:17 Loom
11:07 Feudal Age
9:26 Loom
12:17 Loom
15:06 Castle Age
13:49 Horse Collar
13:55 Double-Bit Axe
16:27 Fletching
19:11 Heavy Plow
21:52 Bloodlines
22:52 Bow Saw
22:25 Light Cavalry
25:41 Scale Barding Armor
26:46 Chain Barding Armor
28:17 Wheelbarrow
28:38 Husbandry
28:36 Bodkin Arrow
28:42 Padded Archer Armor
29:42 Hand Cart
32:38 Imperial Age
31:41 Ballistics
32:05 Leather Archer Armor
33:01 Capped Ram
33:13 Hussar
35:23 Two-Man Saw
36:54 Plate Barding Armor
37:50 Cavalier
39:18 Bracer
42:04 Heavy Scorpion
44:57 Chemistry
44:41 Conscription
Connection lost

Rejoining the realm…

Still unreachable

The connection could not be restored.

Session expired

The server has moved on; the page needs a fresh start.